 Dungeon Crawl Stone Soup version 0.28.0-55-gcd9437bce4 (webtiles) character file.

Game seed: 8908831943242394367

1822 Atelerd the Covert (level 9, -4/52 (54) HPs)
             Began as an Octopode Earth Elementalist on Jan 1, 2023.
             Was a Follower of Sif Muna.
             Blown up by an orc (21 damage)
             ... with a mindburst bolt
             ... on level 7 of the Dungeon.
             The game lasted 00:09:05 (9183 turns).

Atelerd the Covert (Octopode Earth Elementalist)    Turns: 9183, Time: 00:09:05

HP:   -4/52 (54)    AC:  1    Str:  7    XL:     9   Next: 10%
MP:   11/17         EV: 19    Int: 21    God:    Sif Muna [*.....]
Gold: 318           SH:  0    Dex: 19    Spells: 13/18 levels left

rFire   . . .      SeeInvis .   u - +6 dagger "Kenopsuc" {vamp, rC+ Stlth+}
rCold   + . .      Faith    .   (no shield)
rNeg    . . .      Spirit   .   (helmet restricted)
rPois   .          Reflect  .   (no amulet)
rElec   .          Harm     .   m - +4 ring of evasion
rCorr   .          Rampage  .   o - +6 ring of dexterity
Will    .....                   (no ring)
Stlth   ++++......              (no ring)
HPRegen 0.17/turn               (no ring)
MPRegen 0.15/turn               (no ring)
                                (no ring)
                                (no ring)

@: confused, lightly drained
A: almost no armour, amphibious, 8 rings, camouflage 1, gelatinous body 1,
(nimble swimmer 1), tentacles
a: Renounce Religion, Channel Magic


You were on level 7 of the Dungeon.
You worshipped Sif Muna.
Sif Muna was aware of your devotion.
You visited 2 branches of the dungeon, and saw 8 of its levels.

You collected 390 gold pieces.
You spent 72 gold pieces at shops.

Inventory:

Hand Weapons
 d - a +0 short sword
 f - a +1 dagger of venom
 p - the +6 flail of Atelerd's Woe {drain, +Blink rC- Dex+5 SInv}
   (You found it on level 4 of the Dungeon)

   A truly terrible weapon, it drains the life of any living foe it strikes.
   Dex:       It affects your dexterity (+5).
   rC:        It makes you vulnerable to cold.
   SInv:      It lets you see invisible.
   +Blink:    It lets you blink.
 u - the +6 dagger "Kenopsuc" (weapon) {vamp, rC+ Stlth+}
   (You found it on level 3 of the Dungeon)

   It occasionally heals its wielder for a portion of the damage dealt when it
   wounds a living foe.
   rC:        It protects you from cold.
   Stlth:     It makes you more stealthy.
Missiles
 b - 84 stones
Jewellery
 c - an amulet of guardian spirit
 m - a +4 ring of evasion (left tentacle)
 o - a +6 ring of dexterity (right tentacle)
 A - a ring of fire
Wands
 g - a wand of polymorph (10)
Scrolls
 a - 3 scrolls of amnesia {unknown}
 e - 2 scrolls of magic mapping
 h - a scroll of holy word
 j - a scroll of enchant weapon
 k - a scroll of torment {unknown}
 l - 2 scrolls of fog
 r - a scroll of identify
 s - 3 scrolls of teleportation {unknown}
 x - 3 scrolls of noise {unknown}
 y - a scroll of blinking
 z - a scroll of fear {unknown}
Potions
 i - a potion of cancellation
 n - 2 potions of mutation
 q - a potion of curing
 t - a potion of berserk rage {unknown}
 v - 2 potions of brilliance {unknown}
 w - a potion of magic {unknown}


   Skills:
 - Level 2.0 Fighting
 - Level 2.0 Short Blades
 - Level 4.0 Dodging
 + Level 8.1 Stealth
 + Level 5.4 Spellcasting
 - Level 4.0 Transmutations
 + Level 6.4 Earth Magic


You had 13 spell levels left.
You knew the following spells:

 Your Spells              Type           Power      Damage    Failure   Level
a - Sandblast             Erth           64%        2d14      1%          1
p - Petrify               Tmut/Erth      27%        N/A       12%         4

Your spell library contained the following spells:

 Spells                   Type           Power      Damage    Failure   Level
 Passwall                 Tmut/Erth      22%        N/A       1%          2
 Stone Arrow              Conj/Erth      38%        3d9       9%          3
 Slow                     Hex            20%        N/A       11%         1
 Confusing Touch          Hex            5%         N/A       30%         3
 Ozocubu's Armour         Ice            5%         N/A       30%         3
 Vampiric Draining        Necr           5%         2d6       30%         3
 Ozocubu's Refrigeration  Ice            2%         4d5       100%        7


Dungeon Overview and Level Annotations

Branches:
Dungeon (7/15)             Temple (1/1) D:4

Altars:
Ashenzari
Cheibriados
Dithmenos
Elyvilon
Fedhas
Gozag
Hepliaklqana
Kikubaaqudgha
Makhleb
Okawaru
Qazlal
Ru
Sif Muna
Trog
Uskayaw
Vehumet
Wu Jian
Xom
Yredelemnul
Zin
The Shining One

Shops:
D:3 (   D:4 ?

Annotations:
D:2 1 runed translucent door, Crazy Yiuf
D:4 exclusion: upstairs
D:6 exclusion: downstairs


Innate Abilities, Weirdness & Mutations

You cannot wear most types of armour.
You are amphibious.
You can wear up to eight rings at the same time.
Your skin changes colour to match your surroundings (Stealth+).
Your rubbery body absorbs attacks. (AC +1, EV +1)
((You are camouflaged when in or above water. (Stealth+)))
You have tentacles for arms and can constrict up to eight enemies at once.


Message History

The orc wizard barely misses you.
Things that are here:
a +3 falchion of freezing; a +0 robe; 32 gold pieces You bump into the rock wall.
You feel less confused. The orc wizard barely misses you.
You hit the orc wizard. Your grab misses the orc wizard.
The orc wizard is moderately wounded.
The orc wizard barely misses you.
You hit the orc wizard.
You feel better.
You grab the orc wizard.
You squeeze the orc wizard, but do no damage.
The orc wizard is moderately wounded.
You constrict the orc wizard, but do no damage.
The orc wizard misses you. The orc wizard closely misses you.
You hit the orc wizard but do no damage.
Your squeeze misses the orc wizard.
The orc wizard is moderately wounded.
You constrict the orc wizard. The orc wizard barely misses you.
You hit the orc wizard.
The orc wizard is severely wounded.
You constrict the orc wizard.
You kill the orc wizard!
Sif Muna accepts your kill.
You hit the orc wizard.
You feel better.
Your grab misses the orc wizard. You squeeze the orc wizard.
The orc wizard is severely wounded.
The orc wizard barely misses you.
You barely miss the orc wizard. Your grab misses the orc wizard.
The orc wizard is severely wounded.
The orc zaps a wand.
Your mind is blasted!
* * * LOW HITPOINT WARNING * * *
The orc wizard points at you and mumbles some strange words.
You are confused.
You bump into the rock wall.
The orc wizard points at you and mumbles some strange words.
You are more confused.
You hit the orc wizard.
You feel better.
The orc wizard is almost dead.
The orc zaps a wand.
Your mind is blasted!
You die...

###.###...........#.#####...K....
###...#...##......#..####........
#......>..##......#....##........
#.....).......#...####.##o...##..
##............#..####......#.....
##..........##o.#..#......#.....
#....z...### ..................
####z.z..######o...............
#......###.##@o...............
###.....##.....)..............#
#.......#..#...................
.........).).###...............
.......##.##.#.....##..........
....##. #.##.....####..........
... ## ##......######..##.#... .
##.......##.#..####...
#.........)...# #....


You could see an orc wizard and an orc.

Vanquished Creatures
  Grinder (D:3)
  Menkaure (D:6)
  An ice beast (D:7)
  A black bear (D:6)
  An ogre (D:5)
  A kobold brigand (D:7)
  A scorpion (D:5)
  3 killer bees (D:7)
  2 water moccasin skeletons
  5 wights (D:7)
  A bullfrog zombie (D:5)
  A centaur zombie (D:6)
  A jelly (D:5)
  2 orc priests
  2 centaur skeletons
  Jessica (D:2)
  5 iguanas
  Terence (D:3)
  4 orc wizards
  A hound skeleton (D:5)
  3 gnolls (D:7)
  6 adders
  A white imp (D:7)
  An ufetubus (D:4)
  2 adder skeletons
  A worm (D:3)
  6 dart slugs
  13 orcs
  9 ball pythons
  5 bats
  11 endoplasms
  3 giant cockroaches
  5 goblins
  3 hobgoblins
  5 quokkas
  4 frilled lizards
  8 kobolds
  6 rats
128 creatures vanquished.

Notes
Turn   | Place    | Note
-------+----------+-------------------------------------------
     0 | D:1      | Atelerd the Octopode Earth Elementalist began the quest for
                  | the Orb.
     0 | D:1      | Reached XP level 1. HP: 11/11 MP: 3/3
   160 | D:1      | Reached skill level 3 in Stealth
   160 | D:1      | Reached XP level 2. HP: 17/17 MP: 3/5
  1454 | D:1      | Reached XP level 3. HP: 21/21 MP: 4/6
  1685 | D:2      | Noticed Jessica
  1692 | D:2      | Killed Jessica
  1880 | D:2      | Reached XP level 4. HP: 27/27 MP: 5/7
  2526 | D:2      | Reached skill level 4 in Stealth
  3043 | D:2      | Found a runed translucent door.
  3044 | D:2      | Noticed Crazy Yiuf
  3193 | D:3      | Noticed Terence
  3204 | D:3      | Killed Terence
  3205 | D:3      | Reached XP level 5. HP: 15/31 MP: 6/9
  3427 | D:3      | Noticed Grinder
  3430 | D:3      | Found Maczul's Weapon Boutique.
  3581 | D:4      | Found a staircase to the Ecumenical Temple.
  3614 | Temple   | Entered the Ecumenical Temple
  3867 | D:4      | Identified the +6 flail of Atelerd's Woe {drain, +Blink rC-
                  | Dex+5 SInv}
  3985 | D:4      | Found Woqowk's Magic Scroll Boutique.
  3991 | D:4      | Bought a scroll of identify for 24 gold pieces
  3994 | D:4      | Bought a scroll of identify for 24 gold pieces
  3994 | D:4      | Bought a scroll of identify for 24 gold pieces
  4121 | D:4      | Found a shimmering blue altar of Sif Muna.
  4122 | D:4      | Found a radiant altar of Vehumet.
  4176 | D:4      | Became a worshipper of Sif Muna the Loreminder
  4523 | D:4      | Learned a level 4 spell: Petrify
  4907 | D:3      | Identified the +6 dagger "Kenopsuc" {vamp, rC+ Stlth+}
  4925 | D:3      | Reached XP level 6. HP: 36/36 MP: 10/10
  5555 | D:3      | Paralysed by Grinder for 2 turns
  5564 | D:3      | Killed Grinder
  5565 | D:3      | Reached skill level 5 in Stealth
  5832 | D:5      | Entered Level 5 of the Dungeon
  5854 | D:5      | Reached XP level 7. HP: 42/42 MP: 10/12
  5892 | D:5      | Reached skill level 1 in Short Blades
  5907 | D:5      | Reached skill level 1 in Fighting
  6790 | D:6      | Noticed Menkaure
  6802 | D:6      | Killed Menkaure
  6803 | D:6      | Reached skill level 5 in Earth Magic
  6808 | D:6      | Reached XP level 8. HP: 25/49 MP: 5/14
  7156 | D:6      | Reached skill level 6 in Stealth
  8344 | D:7      | Reached * piety under Sif Muna
  8505 | D:7      | Reached skill level 7 in Stealth
  8829 | D:7      | Reached skill level 5 in Spellcasting
  9053 | D:7      | Reached XP level 9. HP: 54/54 MP: 3/16
  9115 | D:7      | Reached skill level 8 in Stealth
  9183 | D:7      | Blown up by an orc

Illustrated notes

Levels and vault maps discovered:
D:1:      minmay_arrival_plants_in_alcoves, layout_basic,
          minmay_misc_feat_rugged, chequers_serial_rivers_micro_c,
          minmay_misc_feat_pillars, minmay_fountain_box
D:2:      layout_basic, minmay_puff, uniq_jessica, uniq_crazy_yiuf_cottage
D:3:      layout_loops_ring, serial_shops, nicolae_shop_crystal, uniq_terence,
          uniq_grinder
D:4:      layout_basic, mainiacjoe_overflow_catwalk_spiral,
          minmay_temple_entry_glassed_door, serial_shops,
          nicolae_shop_waterfront
D:5:      layout_loops_ring, minmay_circle_x
D:6:      layout_basic, uniq_menkaure
D:7:      layout_cave_pools, st_stairs_14
Temple:   mainiacjoe_temple_bowtie_tessellation

Skill      XL: |  1  2  3  4  5  6  7  8  9 |
---------------+----------------------------+-----
Stealth        | 3 4 5 7 8 |  8.1
Transmutations | 2 3 4 |  4.0
Spellcasting   | 3 4 5 |  5.4
Earth Magic    | 4 5 6 |  6.4
Short Blades   | 1 2 |  2.0
Fighting       | 1 2 |  2.0
Dodging        | 4 |  4.0

Action                   |  1- 3 |  4- 6 |  7- 9 || total
-------------------------+-------+-------+-------++-------
Melee: Unarmed           |     6 |       |       ||     6
       Constrict         |     8 |    14 |    17 ||    39
       Tentacles         |     4 |    14 |    16 ||    34
       Short sword       |    17 |       |       ||    17
       Dagger            |     3 |    49 |    60 ||   112
       Flail             |       |    18 |       ||    18
       Punch             |       |     1 |     1 ||     2
 Cast: Sandblast         |    25 |    25 |    70 ||   120
       Petrify           |       |     5 |     6 ||    11
  Use: Scroll            |       |     5 |     3 ||     8
 Stab: Sleeping          |     5 |    16 |     6 ||    27
       Petrified         |       |     5 |     7 ||    12
Armor: Skin              |     4 |     3 |     5 ||    12
Dodge: Dodged            |    29 |    38 |    86 ||   153
